Map: Acropolis LE

Players

BoO

  • Race: Zerg Zerg
  • Spawn Location: 5:00

FoxeR - Winner!

  • Race: Terran Terran
  • Spawn Location: 11:00

VOD

Have the link to the VOD?

Description

Time

  • Played on: Sept. 6, 2019, 1:15 p.m.
  • Length: 10:30
Show
View Real Time Build Order
Export as new Build Order

BoO Zerg 

Build Orders: Hatch First, Muta Ling Bane 

Get SALT Encoding   

  12  0:01  Drone  
  13  0:14  Overlord  
  13  0:17  Drone  
  14  0:33  Drone x2  
  16  0:36  Drone  
  17  0:53  Hatchery  
  17  0:56  Drone  
  17  1:00  Drone  
  17  1:03  Extractor  
  17  1:15  Spawning Pool  
  16  1:24  Drone x2  
  18  1:31  Drone  
  19  1:50  Hatchery  
  18  2:02  Queen  
  20  2:09  Queen  
  20  2:12  Zergling x2  
  23  2:15  Zergling x2  
  23  2:21  Metabolic Boost  
  24  2:28  Zergling x4  
  26  2:35  Drone x2  
  26  2:56  Zergling x2  
  27  3:01  Queen x2  
  31  3:09  Queen  
  31  3:10  Overlord  
  32  3:20  Zergling x2  
  31  3:38  Drone x7  
  31  3:39  Drone x2  
  38  3:50  Zergling x8  
  42  4:01  Overlord x2  
  42  4:07  Lair  
  42  4:11  Overlord  
  42  4:17  Overlord  
  42  4:26  Spore Crawler x2  
  42  4:27  Spore Crawler  
  42  4:28  Drone x2  
  42  4:29  Drone  
  42  4:32  Drone  
  42  4:38  Extractor  
  42  4:41  Baneling Nest  
  42  4:42  Drone x2  
  43  4:46  Drone x2  
  43  4:49  Drone  
  46  4:54  Drone  
  46  4:55  Drone x2  
  46  4:59  Drone  
  50  5:00  Drone  
  50  5:05  Zergling x6  
  50  5:21  Overseer  
  48  5:30  Drone x7  
  48  5:31  Drone x4  
  56  5:36  Baneling x3  
  56  5:37  Baneling  
  56  5:39  Drone x4  
  60  5:43  Extractor  
  60  5:44  Extractor  
  58  5:50  Zergling x12  
  64  6:00  Drone x2  
  66  6:08  Overlord x2  
  66  6:09  Overlord x2  
  66  6:10  Centrifical Hooks  
  66  6:15  Evolution Chamber  
  66  6:18  Overseer, Evolution Chamber  
  65  6:20  Zergling x2  
  62  6:32  Zergling x2  
  63  6:33  Zergling x16  
  65  6:57  Zerg Ground Armor Level 1, Zerg Melee Weapons Level 1  
  65  6:58  Drone  
  65  6:59  Spire, Drone x9  
  74  7:02  Queen  
  76  7:12  Zergling x6  
  77  7:24  Zergling x10  
  77  7:29  Extractor, Drone x3  
  83  7:31  Extractor  
  83  7:34  Zergling x4  
  84  7:40  Hatchery  
  84  7:41  Burrow  
  83  7:46  Baneling x6  
  83  7:47  Baneling x3  
  83  7:51  Overlord  
  83  7:52  Overlord  
  83  7:53  Drone x6  
  83  7:58  Drone  
  90  8:13  Mutalisk x6  
  90  8:16  Zergling x10  
  90  8:17  Zergling x2  
  108  8:26  Zergling x4  
  103  8:29  Zergling x2  
  103  8:33  Zergling x12  
  110  8:44  Zergling x4  
  110  8:45  Zergling x6  
  102  8:53  Mutalisk x3, Baneling x4  
  107  9:00  Zergling x14  
  107  9:01  Zergling x2  
  115  9:14  Drone x3  
  115  9:15  Drone  
  115  9:17  Overlord x4  
  118  9:25  Drone x2  
  119  9:36  Zergling x14  
  119  9:37  Zergling x10  
  127  9:50  Zergling x2  
  127  9:51  Zergling x16  
  117  9:57  Baneling x6  
  117  9:58  Baneling x3  
  117  9:59  Zergling x8  
  121  10:04  Mutalisk x2  
  121  10:05  Mutalisk  
Show
View Real Time Build Order
Export as new Build Order

FoxeR Terran - Winner!

Build Orders: Reaper Expand, Hellion Banshee 

Get SALT Encoding   

  12  0:01  SCV  
  13  0:13  SCV  
  14  0:17  Supply Depot  
  14  0:25  SCV  
  15  0:39  SCV  
  15  0:40  Barracks  
  16  0:44  Refinery  
  16  0:51  SCV  
  17  1:03  SCV  
  18  1:15  SCV  
  19  1:27  Orbital Command  
  19  1:28  Reaper  
  20  1:39  Command Center  
  20  1:50  Supply Depot  
  20  1:52  SCV  
  21  2:00  Marine  
  22  2:04  SCV  
  22  2:08  Factory  
  23  2:16  SCV  
  23  2:17  Bunker  
  23  2:21  Barracks Reactor  
  24  2:27  Refinery  
  24  2:29  SCV  
  25  2:41  SCV  
  26  2:51  Orbital Command  
  26  2:53  SCV  
  26  2:56  Starport  
  27  3:05  SCV  
  28  3:06  Hellion x2  
  28  3:07  Barracks Tech Lab  
  32  3:17  SCV  
  32  3:18  SCV  
  34  3:28  Hellion  
  34  3:29  SCV  
  37  3:36  SCV  
  37  3:37  Hellion  
  38  3:45  SCV  
  38  3:48  SCV  
  40  3:49  Supply Depot, Hellion  
  40  3:51  Barracks Tech Lab  
  40  3:53  Cloaking Field  
  42  3:57  SCV  
  42  4:00  Banshee  
  46  4:06  Supply Depot  
  46  4:10  Stimpack  
  46  4:11  SCV, Hellion  
  46  4:13  Hellion  
  46  4:14  SCV  
  52  4:20  Marine  
  52  4:23  SCV  
  54  4:28  SCV  
  55  4:32  Command Center  
  55  4:35  SCV  
  56  4:40  SCV, Armory  
  57  4:47  Marine, SCV  
  57  4:48  Supply Depot, Banshee  
  62  4:57  Supply Depot  
  62  5:00  Factory Tech Lab  
  62  5:01  Factory Reactor  
  62  5:09  Barracks  
  62  5:10  SCV x2  
  62  5:12  Barracks  
  64  5:16  Marine  
  65  5:22  SCV x2  
  62  5:34  SCV x2  
  64  5:38  Engineering Bay  
  64  5:39  Engineering Bay  
  64  5:40  Refinery  
  64  5:41  Refinery  
  64  5:43  Barracks x2  
  64  5:44  Starport Reactor, Orbital Command  
  64  5:46  Marine, SCV x2  
  67  5:55  Combat Shield  
  67  5:58  SCV x2  
  67  6:02  Factory Reactor  
  67  6:04  Marine, Orbital Command  
  69  6:06  Terran Infantry Armor Level 1, Terran Infantry Weapons Level 1  
  69  6:11  SCV x2  
  72  6:13  Marine  
  72  6:14  Marine x3, Supply Depot x2  
  76  6:23  SCV x2  
  78  6:26  Marine  
  78  6:30  SCV, Supply Depot  
  78  6:34  Marine  
  78  6:35  SCV x2  
  78  6:39  Marine  
  75  6:46  Marine  
  76  6:47  SCV  
  76  6:50  Marine  
  76  6:52  Marine  
  81  6:54  SCV x2  
  81  6:57  Factory  
  81  6:59  SCV  
  81  7:01  Command Center  
  76  7:06  Marine, SCV x2  
  76  7:07  Refinery  
  79  7:10  Marine  
  79  7:11  Marine x2, SCV, Factory Reactor  
  79  7:13  Medivac x2  
  84  7:18  SCV x2  
  84  7:21  Marine  
  84  7:23  SCV  
  84  7:26  Marine x2  
  84  7:28  Command Center  
  87  7:30  SCV x2  
  87  7:33  Marine x2  
  87  7:35  SCV  
  87  7:36  Terran Vehicle And Ship Armor Level 1, Refinery  
  92  7:38  Marine  
  92  7:39  Marine x2  
  92  7:42  SCV x2  
  92  7:43  Factory Tech Lab, Supply Depot, Medivac  
  99  7:47  Medivac  
  99  7:48  Widow Mine x2  
  99  7:49  Supply Depot  
  99  7:50  Concussive Shells  
  105  7:52  SCV  
  105  7:53  Marine x4  
  111  7:58  SCV  
  111  8:00  Supply Depot  
  111  8:01  Drilling Claws, Widow Mine  
  111  8:03  Marauder  
  111  8:05  Marine, Marauder  
  117  8:07  SCV  
  117  8:09  Widow Mine  
  117  8:11  Widow Mine  
  117  8:12  Supply Depot  
  123  8:13  SCV, Medivac  
  123  8:14  SCV  
  123  8:17  Medivac  
  123  8:19  SCV  
  130  8:22  Marine, Supply Depot x2  
  130  8:23  Widow Mine  
  133  8:27  Marine  
  133  8:28  Marine x3  
  133  8:31  Widow Mine  
  133  8:32  Widow Mine  
  133  8:33  Supply Depot  
  141  8:35  Marine  
  141  8:37  Marine x2  
  141  8:39  Marine  
  145  8:43  Medivac  
  145  8:44  Widow Mine  
  145  8:45  Marine  
  136  8:50  Marine x2  
  136  8:51  Marine  
  136  8:52  Widow Mine  
  136  8:53  Marine  
  136  8:55  Marine  
  143  9:00  Marine, Barracks x2  
  143  9:02  Supply Depot x2  
  144  9:04  SCV x2  
  146  9:15  Marine  
  146  9:16  Marauder x2  
  144  9:22  Planetary Fortress  
  144  9:23  Barracks  
  141  9:24  SCV  
  141  9:26  Marine  
  141  9:28  SCV x2  
  141  9:36  SCV  
  141  9:37  Marauder  
  141  9:38  Marauder  
  144  9:40  SCV  
  144  9:41  Marine x2, SCV, Missile Turret  
  144  9:42  Missile Turret  
  144  9:43  Reaper  
  149  9:49  Marine x2  
  144  9:57  Marine  
  144  9:58  Widow Mine  
  144  9:59  Barracks Reactor, Marauder  
  150  10:00  SCV, Barracks Reactor  
  150  10:01  SCV x3  
  153  10:11  Command Center  
Tags
 
Add a new tag
Caveats
  • Supply blocks, unpowered buildings, or Contaminate may cause inaccurate times.
  • Supply counts are checked every 10 seconds.